 Dungeon Crawl Stone Soup version 0.29.1-13-g9f3cf754e1 (webtiles) character file.

Game seed: 2074551344668121144

90 hawla the Chiller (level 5, 0/57 HPs)
             Began as a Meteoran Ice Elementalist on Feb 8, 2023.
             Slain by a lemure (7 damage)
             ... led by Pikel
             ... on level 4 of the Dungeon.
             The game lasted 00:05:20 (551 turns).

hawla the Chiller (Meteoran Ice Elementalist)        Turns: 551, Time: 00:05:21

Health: 0/57       AC:  3    Str:  9      XL:     5   Next: 11%
Magic:  2/11       EV: 12    Int: 18      God:
Gold:   139        SH:  0    Dex: 14 (15) Spells: 2/10 levels left

rFire   . . .      SeeInvis .   (no weapon)
rCold   . . .      Faith    .   (no shield)
rNeg    . . .      Spirit   .   a - +1 robe
rPois   .          Reflect  .   (no helmet)
rElec   .          Harm     .   (no cloak)
rCorr   .          Rampage  .   (no gloves)
Will    .....      Clarity  +   (no boots)
Stlth   ..........              (no amulet)
HPRegen 0.99/turn               (no ring)
MPRegen 0.12/turn               (no ring)

@: berserking, freezing walls, very slightly contaminated, glowing, very quick
A: sense surroundings 1, otherworldly, glowing, explore regen, clarity,
deterioration 1, regeneration 1, MP-powered wands
a: no special abilities


You were on level 4 of the Dungeon.
You visited 1 branch of the dungeon, and saw 4 of its levels.

You collected 139 gold pieces.

Inventory:

Armour
 a - a +1 robe (worn)
Potions
 d - a potion of cancellation
 f - 3 potions of ambrosia {unknown}


   Skills:
 - Level 2.5 Dodging
 - Level 1.4 Stealth
 - Level 3.4 Spellcasting
 + Level 2.6 Conjurations
 - Level 5.4 Ice Magic


You had 2 spell levels left.
You knew the following spells:

 Your Spells              Type           Power      Damage    Failure   Level
a - Freeze                Ice            88%        1d10      1%          1
b - Frozen Ramparts       Ice            44%        1d7       4%          3
c - Hailstorm             Conj/Ice       17%        3d6       30%         4

Your spell library contained the following spells:

 Spells                   Type           Power      Damage    Failure   Level
 Ozocubu's Armour         Ice            22%        N/A       4%          3


Dungeon Overview and Level Annotations

Branches:
Dungeon (4/15) Zot: 1848
 Temple: D:4-7

Altars:

Annotations:
D:4 Pikel


Innate Abilities, Weirdness & Mutations

You passively map a small area around you.
You are easily found by Zot.
You glow in the dark.
You regain HP and MP as you explore.
You possess an exceptional clarity of mind.
Your body sometimes deteriorates upon taking damage.
Your natural rate of healing is unusually fast.
You expend magic power (3 MP) to strengthen your wands.


Message History

It was a potion of heal wounds.
You feel much better.
The wall freezes the lemure.
The lemure hits you.
Your body deteriorates!
You feel clumsy.
The wall freezes the lemure.
The lemure hits you.
The wall freezes Pikel but does no damage.
Pikel says, "Hell isn't that bad."
Pikel hits you with a +2 whip of freezing.
Pikel freezes you.
It was a potion of berserk rage.
A red film seems to cover your vision as you go berserk!
You feel yourself moving faster!
You feel mighty!
The wall freezes the lemure.
The lemure hits you.
The wall freezes the lemure.
The lemure barely misses you.
The wall freezes Pikel.
Pikel says, "I'm sure they'll be treated well, anyway."
Pikel hits you with a +2 whip of freezing.
Pikel freezes you.
You closely miss Pikel.
Pikel is lightly wounded.
The wall freezes the lemure but does no damage.
The lemure closely misses you.
The wall freezes the lemure.
The lemure closely misses you.
The wall freezes Pikel!
Pikel hits you with a +2 whip of freezing.
Pikel freezes you.
You barely miss Pikel.
Pikel is moderately wounded.
The wall freezes the lemure.
The lemure hits you but does no damage.
The wall freezes the lemure but does no damage.
The lemure hits you.
The wall freezes Pikel.
Pikel zaps a wand.
Your mind is blasted!
* * * LOW HITPOINT WARNING * * *
You hit Pikel but do no damage.
Pikel is moderately wounded.
Unknown command.
You hit Pikel but do no damage.
Pikel is moderately wounded.
The wall freezes the lemure but does no damage.
The lemure hits you!
* * * LOW HITPOINT WARNING * * *
The wall freezes the lemure.
The lemure hits you!
You die...

### ##@## ##K55#* *
##..5.#, , #####.....#
#..##.....# ,
###.....##.......
###........#....... *
####....#.....#.......
##.#...................
,


You could see Pikel and 3 lemures.

Vanquished Creatures
  A lemure (D:4)
  Natasha (D:3)
  4 gnolls (D:4)
  2 worms
  3 bats (D:1)
  3 endoplasms
  A giant cockroach (D:1)
  2 jackals (D:4)
  2 quokkas (D:1)
  3 ball pythons
  2 frilled lizards (D:1)
24 creatures vanquished.

Notes
Turn   | Place    | Note
-------+----------+-------------------------------------------
     0 | D:1      | hawla the Meteoran Ice Elementalist began the quest for the
                  | Orb.
     0 | D:1      | Reached XP level 1. HP: 14/14 MP: 5/5
    79 | D:1      | Reached XP level 2. HP: 18/20 MP: 2/6
   307 | D:3      | Reached skill level 5 in Ice Magic
   307 | D:3      | Reached XP level 3. HP: 10/26 MP: 1/8
   311 | D:3      | Learned a level 3 spell: Frozen Ramparts
   312 | D:3      | Noticed Natasha
   317 | D:3      | Killed Natasha
   318 | D:3      | Reached XP level 4. HP: 12/33 MP: 6/10
   401 | D:3      | Learned a level 4 spell: Hailstorm
   420 | D:3      | Gained mutation: Your body sometimes deteriorates upon
                  | taking damage. [potion of mutation]
   420 | D:3      | Gained mutation: You possess an exceptional clarity of
                  | mind. [potion of mutation]
   420 | D:3      | Gained mutation: Your natural rate of healing is unusually
                  | fast. [potion of mutation]
   420 | D:3      | Gained mutation: You expend magic power (3 MP) to
                  | strengthen your wands. [potion of mutation]
   438 | D:4      | Reached skill level 1 in Conjurations
   446 | D:4      | Reached XP level 5. HP: 28/38 MP: 2/11
   524 | D:4      | Noticed a lemure
   533 | D:4      | Killed a lemure
   535 | D:4      | Noticed a lemure
   535 | D:4      | Noticed a lemure
   536 | D:4      | Noticed a lemure
   537 | D:4      | Noticed Pikel
   551 | D:4      | Slain by a lemure

Illustrated notes

Levels and vault maps discovered:
D:1:      nzn_arrival_depleted_hourglass, layout_rooms,
          nicolae_figureground_sparkle
D:2:      minmay_skewed_foursquare, layout_basic
D:3:      layout_basic, dreamdust_ecumenical_altar_statues, kennysheep_boxes,
          uniq_natasha
D:4:      layout_cave_pools, minmay_pentangle, uniq_pikel

Skill      XL: |  1  2  3  4 |
---------------+-------------+-----
Spellcasting   | 3 |  3.4
Ice Magic      | 5 |  5.4
Conjurations   | 2 |  2.6
Dodging        | |  2.5
Stealth        | |  1.4

Action                   |  1- 3 |  4- 6 || total
-------------------------+-------+-------++-------
Melee: Unarmed           |     5 |     8 ||    13
 Cast: Freeze            |    27 |     6 ||    33
       Frozen Ramparts   |     1 |     5 ||     6
       Hailstorm         |       |     1 ||     1
  Use: Scroll            |     4 |     2 ||     6
       Potion            |     3 |     3 ||     6
Armor: Robe              |    10 |     5 ||    15
Dodge: Dodged            |    19 |    17 ||    36
